 Dungeon Crawl Stone Soup version 0.27-a0-1525-g1038ab4fd7 (webtiles) character file.

Game seed: 17069709210752359747

697 trckry the Firebug (level 7, -10/36 HPs)
             Began as a Deep Elf Fire Elementalist on July 11, 2021.
             Mangled by an ice beast (14 damage)
             ... on level 5 of the Dungeon.
             The game lasted 00:06:50 (4396 turns).

trckry the Firebug (Deep Elf Fire Elementalist)     Turns: 4396, Time: 00:06:50

Health: -10/36     AC:  3    Str:  7    XL:     7   Next: 38%
Magic:  0/16       EV: 12    Int: 20    God:
Gold:   262        SH:  0    Dex: 15    Spells: 13/16 levels left

rFire    + . .     SeeInvis .   i - +0 long sword
rCold    . . .     Faith    .   (no shield)
rNeg     . . .     Spirit   +   a - +0 robe
rPois    .         Reflect  .   (helmet restricted)
rElec    .         Harm     .   (no cloak)
rCorr    .         Rampage  .   l - +0 pair of gloves
Will     .....                  (no boots)
Stlth    ++........             d - amulet of guardian spirit
HPRegen  0.12/turn              (no ring)
MPRegen  0.15/turn              (no ring)

@: attractive
A: antennae 1, fire resistance 1
a: no special abilities


You were on level 5 of the Dungeon.
You visited 1 branch of the dungeon, and saw 5 of its levels.

You collected 262 gold pieces.

Inventory:

Hand Weapons
 i - a +0 long sword (weapon)
Armour
 a - a +0 robe (worn)
 l - a +0 pair of gloves (worn)
Jewellery
 d - an amulet of guardian spirit (around neck)
Scrolls
 b - 5 scrolls of identify {unknown}
 e - 3 scrolls of noise {unknown}
 f - 4 scrolls of teleportation {unknown}
 g - 2 scrolls of vulnerability {unknown}
 h - 2 scrolls of immolation {unknown}
 k - a scroll of enchant armour {unknown}
Potions
 c - 2 potions of attraction
 m - a potion of ambrosia {unknown}
 n - a potion of invisibility {unknown}


   Skills:
 - Level 2.4 Dodging
 - Level 2.4 Stealth
 - Level 5.0 Spellcasting
 * Level 4.8 Conjurations
 * Level 5.9 Fire Magic
 * Level 3.7 Air Magic


You had 13 spell levels left.
You knew the following spells:

 Your Spells              Type           Power      Damage    Failure   Level
a - Foxfire               Conj/Fire      100%       2x1d9     1%          1
b - Static Discharge      Conj/Air       22%        N/A       3%          2

Your spell library contained the following spells:

 Spells                   Type           Power      Damage    Failure   Level
 Conjure Flame            Conj/Fire      26%        6-21      3%          3
 Inner Flame              Hex/Fire       16%        N/A       11%         3
 Sticky Flame             Conj/Fire      26%        2d5       12%         4
 Fireball                 Conj/Fire      13%        3d7       34%         5
 Lightning Bolt           Conj/Air       11%        1d24      50%         5
 Maxwell's Capacitive Co  Air            10%        ∞         100%        8


Dungeon Overview and Level Annotations

Branches:
Dungeon (5/15)
 Temple: D:4-7

Altars:
Gozag
Trog

Shops:
D:2 (


Innate Abilities, Weirdness & Mutations

You have a pair of small antennae on your head.
Your flesh is heat resistant. (rF+)


Message History

An ogre comes into view. It is wielding a +0 giant club.
You take 4 damage, and have 32/36 hp.
The orc priest hits you with a +0 dagger.
You take 2 damage, and have 30/36 hp.
You now have 3/16 mp.
The orc priest hits you with a +0 dagger.
You take 1 damage, and have 29/36 hp.
The howler monkey hoots and howls with incredible vigour!
An iguana comes into view.
The iguana hisses angrily.
The howler monkey hoots and howls with incredible vigour!
The iguana bites you.
You see here an adder corpse.
You take 3 damage, and have 27/36 hp.
The iguana bites you!
You take 6 damage, and have 21/36 hp.
You now have 3/16 mp.
The howler monkey hoots and howls with incredible vigour!
The iguana barely misses you.
The orc priest mumbles some strange prayers to Beogh against you.
Pain shoots through your body!
The howler monkey hoots and howls with incredible vigour!
You take 6 damage, and have 16/36 hp.
You now have 3/16 mp.
The howler monkey hoots and howls with incredible vigour!
The orc priest calls down the wrath of Beogh upon you.
Beogh smites you!
* * * LOW HITPOINT WARNING * * *
You take 12 damage, and have 4/36 hp.
MASSIVE DAMAGE!!
You now have 0/16 mp.
The howler monkey hoots and howls with incredible vigour!
It was a potion of attraction.
You feel attractive to monsters.
The hound stops to sniff the ground.
The ice beast closely misses you.
You riposte.
You barely miss the ice beast. The howler monkey is pulled toward you!
The hound is pulled toward you! The orc is pulled toward you!
The necrophage is pulled toward you! The ogre is pulled toward you!
The orc priest is pulled toward you!
It was a potion of mutation.
You feel extremely strange. A pair of antennae grows on your head!
You feel resistant to heat. The howler monkey hits you. The orc misses you.
The ice beast hits you.
* * * LOW HITPOINT WARNING * * *
The ice beast freezes you!
You die...

#.# #........... #.#
#........... #..........
#.####........... #...........
#...........#####
#...........## #............#
#............# #............#
#............# #............#
##............###............#
..............hY@............#
..............Oh.............#
...h#########.o..............#
......l.O...o.n.#.############
................#)#
####............#.#
#............#.#
#............#.###############
#............................#


You could see an ice beast, an ogre, a necrophage, a howler monkey, a hound, an
orc priest and an orc.

Vanquished Creatures
  A black bear (D:5)
  Purgy (D:3)
  A sky beast (D:4)
  A phantom (D:5)
  A howler monkey (D:5)
  A hound (D:4)
  An iguana (D:5)
  4 orc wizards
  2 hound skeletons
  6 adders
  3 ufetubi
  An adder zombie (D:5)
  2 dart slugs
  5 orcs
  6 endoplasms
  3 giant cockroaches
  5 goblins
  5 hobgoblins
  9 kobolds
  3 quokkas
  4 ball pythons
  2 bats (D:1)
  2 frilled lizards
  3 rats
72 creatures vanquished.

Vanquished Creatures (others)
  329 foxfires
329 creatures vanquished.

Grand Total: 401 creatures vanquished

Notes
Turn   | Place    | Note
-------+----------+-------------------------------------------
     0 | D:1      | trckry the Deep Elf Fire Elementalist began the quest for
                  | the Orb.
     0 | D:1      | Reached XP level 1. HP: 10/10 MP: 6/6
   198 | D:1      | Reached XP level 2. HP: 15/15 MP: 1/8
   905 | D:2      | Reached XP level 3. HP: 14/19 MP: 4/9
  1258 | D:2      | Found a bloodstained altar of Trog.
  1350 | D:2      | Found Foulass's Weapon Shop.
  1576 | D:3      | Learned a level 2 spell: Static Discharge
  1894 | D:3      | Noticed Purgy
  1903 | D:3      | Killed Purgy
  1904 | D:3      | Reached skill level 1 in Air Magic
  1904 | D:3      | Reached XP level 4. HP: 24/24 MP: 2/11
  1904 | D:3      | Reached XP level 5. HP: 28/28 MP: 2/12
  2728 | D:4      | Noticed a sky beast
  2738 | D:4      | Killed a sky beast
  2918 | D:4      | Reached skill level 5 in Fire Magic
  3115 | D:4      | Reached XP level 6. HP: 32/32 MP: 10/14
  3183 | D:4      | Found an opulent altar of Gozag.
  3183 | D:4      | Found a bloodstained altar of Trog.
  3822 | D:5      | Entered Level 5 of the Dungeon
  4075 | D:5      | Reached XP level 7. HP: 36/36 MP: 8/16
  4332 | D:5      | Reached skill level 5 in Spellcasting
  4390 | D:5      | HP: 4/36 [orc priest/divine providence (12)]
  4396 | D:5      | Gained mutation: You have a pair of small antennae on your
                  | head. [potion of mutation]
  4396 | D:5      | Gained mutation: Your flesh is heat resistant. (rF+)
                  | [potion of mutation]
  4396 | D:5      | HP: 4/36 [ice beast (1)]
  4396 | D:5      | Mangled by an ice beast

Illustrated notes

Levels and vault maps discovered:
D:1:      dpeg_arrival_shelter, layout_rooms
D:2:      layout_rooms, basic_altar, serial_shops, shop_statue
D:3:      layout_basic, serial_aquarium, aquarium_bridge_square
          [aquarium_subvault_bridge, aquarium_subvault_wall,
          aquarium_subvault_balcony, aquarium_subvault_wall],
          aquarium_bridge_square [aquarium_subvault_window,
          aquarium_subvault_wall, aquarium_subvault_bridge,
          aquarium_subvault_wall], aquarium_window_1,
          aquarium_window_corridor_1, aquarium_view_2c, aquarium_view_2c,
          aquarium_balcony_3a, aquarium_pool_side, uniq_purgy
D:4:      layout_basic, gammafunk_temple_overflow_wave, hangedman_decor_push
D:5:      layout_basic, gammafunk_temple_overflow_claw

Skill      XL: |  1  2  3  4  5  6  7 |
---------------+----------------------+-----
Conjurations   | 2 3 4 |  4.8
Fire Magic     | 4 5 |  5.9
Air Magic      | 1 2 3 |  3.7
Spellcasting   | 4 5 |  5.0
Dodging        | |  2.4
Stealth        | |  2.4

Action                   |  1- 3 |  4- 6 |  7- 9 || total
-------------------------+-------+-------+-------++-------
Melee: Long sword        |       |     1 |       ||     1
 Cast: Foxfire           |    95 |    82 |    24 ||   201
  Use: Potion            |       |       |     2 ||     2
Armor: Robe              |       |       |     3 ||     3
Dodge: Dodged            |     4 |     6 |     6 ||    16
       Rpst.: Long sword |       |     1 |     2 ||     3

Table legend: (Time is in decaauts)
 A = Elapsed time spent in this place.
 B = Non-inter-level travel time spent in this place.
 C = Inter-level travel time spent in this place.
 D = Time resting spent in this place.
 E = Time spent auto-exploring this place.
 F = Levels seen in this place.
 G = Mean time per level.
                   A        B        C        D        E       F      G
               +--------+--------+--------+--------+--------+-----+--------+
         Total |   4395 |   4298 |     97 |      0 |   3812 |   5 |  879.0 |
       Dungeon |   4395 |   4298 |     97 |      0 |   3812 |   5 |  879.0 |
               +--------+--------+--------+--------+--------+-----+--------+

Top non-repeatable levels by time:
     D:4: 1163 daAuts
     D:3: 1092 daAuts
     D:2: 843 daAuts
     D:1: 723 daAuts
     D:5: 573 daAuts
